AoeStats
← predatox1990

Arena

510142177Analyzed
2v2 RM · 3d ago on Sep 29, 2026· 35m 5s· 4 players
Game mode
Random Map
Map size
Medium (4 player)
Population
200
Speed
Normal
Resources
Standard
Victory
Conquest
Starting age
Dark Age
Ending age
Imperial Age
RankedLock teamsTeams togetherTeam positionsShared explorationLock speedFull tech treeHidden civsTurbo modeCheats
Victory
Defeat
🇫🇮 Japanese · Finland
692
+15
🇫🇮 Cumans · Finland
681
+15
🇫🇷 Vietnamese · France
715
-17
🇧🇪 Wei · Belgium
619
-13
XxAlexyzFxX42
12:48 Feudal Age
17:44 Castle Age
16:09 Double-Bit Axe
16:18 Horse Collar
17:36 Fletching
17:47 Padded Archer Armor
20:44 Wheelbarrow
21:10 Bow Saw
23:33 Bodkin Arrow
24:29 Squires
29:27 Leather Archer Armor
30:23 Town Watch
35:40 Imperial Age
33:42 Ballistics
predatox1990
0:43 Loom
11:38 Feudal Age
12:14 Double-Bit Axe
12:13 Horse Collar
12:29 Gold Mining
12:52 Stone Mining
20:00 Castle Age
20:04 Pikeman
20:46 Squires
21:16 Light Cavalry
23:15 Bow Saw
23:10 Husbandry
23:25 Heavy Plow
24:39 Bloodlines
27:57 Gold Shaft Mining
28:25 Stone Shaft Mining
27:49 Elite Skirmisher
Roska
2:54 Loom
10:28 Feudal Age
12:04 Double-Bit Axe
13:14 Forging
13:51 Wheelbarrow
14:19 Horse Collar
19:26 Castle Age
17:50 Gold Mining
17:52 Stone Mining
18:37 Arson
20:37 Heavy Plow
21:06 Gambesons
23:57 Squires
25:25 Gold Shaft Mining
26:07 Bow Saw
26:34 Scale Mail Armor
28:31 Hand Cart
33:31 Imperial Age
31:41 Town Watch
35:01 Conscription
35:06 Kataparuto
Juguansissi
7:52 Loom
10:14 Feudal Age
11:04 Double-Bit Axe
16:29 Castle Age
15:47 Fletching
16:04 Horse Collar
18:31 Wheelbarrow
17:59 Pikeman
23:28 Gold Mining
24:42 Forging
24:33 Scale Mail Armor
25:28 Elite Skirmisher
29:09 Caravan
Connection lost

Rejoining the realm…

Still unreachable

The connection could not be restored.

Session expired

The server has moved on; the page needs a fresh start.